 Dungeon Crawl Stone Soup version 0.31-a0-536-ga3e2962e35 (console) character file.

Game seed: 11394343172197392040

761 Lexodia the Cudgeller (level 7, 0/67 HPs)
             Began as an Ogre Gladiator on Aug 13, 2023.
             Slain by a hound (3 damage)
             ... on level 6 of the Dungeon.
             The game lasted 00:09:58 (3785 turns).

Lexodia the Cudgeller (Ogre Gladiator)              Turns: 3785, Time: 00:09:59

Health: 0/67       AC:  3    Str: 21    XL:     7   Next: 80%
Magic:  7/7        EV: 10    Int:  9    God:
Gold:   321        SH:  0    Dex:  8    Spells: 6/6 levels left

rFire   . . .        A - +0 giant club
rCold   . . .        (shield currently unavailable)
rNeg    . . .        b - +0 robe
rPois   .            c - +0 hat
rElec   .            (no cloak)
rCorr   .            (gloves unavailable)
SInv    .            (boots unavailable)
Will    .....        (no amulet)
Stlth   ++           (no ring)
HPRegen 0.31/turn    (no ring)
MPRegen 0.10/turn

%: clarity
@: hasted, very quick
A: large, unfitting armour, tough skin 1, clarity, clumsy 1
a: no special abilities


You were on level 6 of the Dungeon.
You visited 1 branch of the dungeon, and saw 6 of its levels.

You collected 321 gold pieces.

Inventory:

Hand Weapons
 A - a +0 giant club (weapon)
Missiles
 d - 3 throwing nets
 e - 9 large rocks
 f - 39 stones (quivered)
 k - 9 poisoned darts
 w - 2 boomerangs
Armour
 b - a +0 robe (worn)
 c - a +0 hat (worn)
Wands
 v - a wand of mindburst (13)
 x - a wand of flame (31)
 y - a wand of roots (5)
 z - a wand of polymorph (13)
Scrolls
 g - 2 scrolls of brand weapon {unknown}
 h - 4 scrolls of teleportation {unknown}
 i - a scroll of immolation {unknown}
 n - 2 scrolls of torment {unknown}
 o - 5 scrolls of identify {unknown}
 p - a scroll of fear {unknown}
 s - 2 scrolls of vulnerability {unknown}
Potions
 j - 5 potions of lignification
 l - a potion of brilliance
 q - a potion of curing
 u - 4 potions of enlightenment


   Skills:
 - Level 3.0 Fighting
 * Level 6.2 Maces & Flails
 + Level 4.7 Throwing
 - Level 3.0 Dodging
 + Level 2.4 Stealth


You had 6 spell levels left.
You didn't know any spells.
Your spell library was empty.

Dungeon Overview and Level Annotations

Branches:
Dungeon (6/15)
 Temple: D:4-7

Altars:
Ashenzari


Innate Abilities, Weirdness & Mutations

You are too large for most types of armour.
You have tough skin. (AC +1)
You possess an exceptional clarity of mind.
You are clumsy. (Dex -2)


Message History

You barely miss the hound.
Your enlightenment fades.
The hound bites you but does no damage. x2
You closely miss the hound.
The hound barks!
The hound bites you but does no damage.
The centaur wields a +0 shortbow.
The centaur shoots an arrow.
The arrow hits you.
* * * LOW HITPOINT WARNING * * *
The hound barely misses you.
The centaur shoots an arrow.
The arrow hits you.
* * * LOW HITPOINT WARNING * * *
Huge Dmg: -6%(-6hp) hp: 12%(12hp)
Aiming: Fastroot
Press: ? - help, Shift-Dir - straight line, f - hound
Aim: a hound
Okay, then.
Unknown command.
It was a potion of cancellation.
Your magical effects are unravelling.
You feel magically purged.
You feel less wooden.
Your +0 hat unmelds from your body.
Your +0 robe unmelds from your body.
You feel a little less clever now.
Huge Dmg: -6%(-4hp) hp: 12%(8hp)
Okay, then.
The centaur attacks as you move away!
The centaur unwields a +0 shortbow.
The centaur hits you.
* * * LOW HITPOINT WARNING * * *
The centaur kicks you.
* * * LOW HITPOINT WARNING * * *
The hound barely misses you.
Huge Dmg: -9%(-6hp) hp: 3%(2hp) It was a potion of haste.
You feel yourself speed up. The hound bites you but does no damage.
Press: ? - help, v - describe, . - travel
Here: a hound The floor.
It was a potion of mutation.
You feel extremely strange.
Your thoughts seem clearer.
You feel clumsy. The hound bites you.
You die...

. .. #. #
#.# #.
#..###.
#.....#
#...#
#..h###
##[.ch@####
#.).###...##
#.)## ###..#
#))# ##.##
##.. #..#
#.# ##..
#..# #.# #..
##.## #.#
#.. #..#####
#.# #.#
##..##.# #.#


You could see a centaur and 2 hounds.

Vanquished Creatures
  An ogre (D:5)
  A centaur (D:6)
  A kobold brigand (D:6)
  2 scorpions (D:5)
  A hound (D:6)
  3 orc wizards
  A sleepcap (D:6)
  Ijyb (D:5)
  5 gnolls
  13 adders
  2 worms (D:3)
  4 dart slugs
  2 orcs
  4 ball pythons
  3 bats
  3 endoplasms
  4 giant cockroaches
  11 goblins
  4 hobgoblins
  4 jackals (D:2)
  12 kobolds
  3 quokkas
  2 frilled lizards
  3 rats
90 creatures vanquished.

Notes
Turn   | Place    | Note
-------+----------+-------------------------------------------
     0 | D:1      | Lexodia the Ogre Gladiator began the quest for the Orb.
     0 | D:1      | Reached XP level 1. HP: 22/22 MP: 1/1
   130 | D:1      | Reached XP level 2. HP: 28/29 MP: 2/2
   153 | D:1      | Huge Dmg: 8 dmg
   154 | D:1      | Huge Dmg: 4 dmg
   163 | D:1      | Huge Dmg: 4 dmg
   165 | D:1      | Reached skill level 3 in Maces & Flails
   771 | D:2      | Reached XP level 3. HP: 35/37 MP: 3/3
  1105 | D:2      | Found a faded altar of an unknown god.
  1603 | D:3      | Reached XP level 4. HP: 45/45 MP: 4/4
  2026 | D:3      | Huge Dmg: 9 dmg
  2146 | D:3      | Reached skill level 4 in Maces & Flails
  2298 | D:3      | Reached XP level 5. HP: 53/53 MP: 5/5
  2937 | D:4      | Reached XP level 6. HP: 28/61 MP: 6/6
  2937 | D:4      | Huge Dmg: 11 dmg
  2942 | D:3      | Reached skill level 1 in Stealth
  2946 | D:3      | Huge Dmg: 9 dmg
  2947 | D:3      | Huge Dmg: 4 dmg
  2948 | D:3      | Huge Dmg: 4 dmg
  3213 | D:4      | Found a broken altar of Ashenzari.
  3291 | D:4      | Reached skill level 5 in Maces & Flails
  3303 | D:4      | You fall into a shaft and drop 2 floors!
  3458 | D:5      | Entered Level 5 of the Dungeon
  3460 | D:5      | Reached XP level 7. HP: 67/67 MP: 7/7
  3525 | D:5      | Noticed Ijyb
  3535 | D:5      | Killed Ijyb
  3643 | D:5      | Reached skill level 6 in Maces & Flails
  3769 | D:6      | Huge Dmg: 16 dmg
  3770 | D:6      | Huge Dmg: 6 dmg
  3776 | D:6      | Huge Dmg: 3 dmg
  3782 | D:6      | Huge Dmg: 6 dmg
  3783 | D:6      | Huge Dmg: 4 dmg
  3783 | D:6      | HP: 2/67 [centaur (2)]
  3784 | D:6      | Huge Dmg: 6 dmg
  3785 | D:6      | Gained mutation: You possess an exceptional clarity of
                  | mind. [potion of mutation]
  3785 | D:6      | Gained mutation: You are clumsy. (Dex -2) [potion of
                  | mutation]
  3785 | D:6      | Slain by a hound

Illustrated notes

Levels and vault maps discovered:
D:1:      dpeg_arrival_morbid_curiosity, layout_rooms, minmay_crystal_room,
          st_stairs_12
D:2:      layout_basic, ebering_ecumenical_altar_box
D:3:      kennysheep_six_static_rooms, layout_basic, minmay_snake_closets
D:4:      layout_basic, kennysheep_mini_moat, grunt_ashenzari_visionary
          [grunt_ashenzari_visionary_shoals, grunt_ashenzari_visionary_snake]
D:5:      layout_basic, mainiacjoe_overflow_brackets, cheibriados_altar_1,
          xom_redecorated, temple_doors_cd, st_stairs_7, uniq_ijyb
D:6:      layout_layer_cave, ebering_ghost_sewer_d, dreamdust_mushroom_princess,
          minmay_circle_x

Skill      XL: |  1  2  3  4  5  6  7 |
---------------+----------------------+-----
Fighting       | 3 |  3.0
Maces & Flails | 3 4 5 6 |  6.2
Dodging        | 3 |  3.0
Throwing       | 3 4 |  4.7
Stealth        | 1 2 |  2.4

Action                     |  1- 3 |  4- 6 |  7- 9 || total
---------------------------+-------+-------+-------++-------
  Melee: Flail             |   113 |   131 |     8 ||   252
         Punch             |     1 |     1 |     1 ||     3
         Giant club        |       |       |    21 ||    21
  Throw: Stone             |       |    34 |       ||    34
         Large rock        |       |     9 |     7 ||    16
         Boomerang         |       |     4 |       ||     4
  Evoke: Wand              |       |       |     2 ||     2
    Use: Potion            |       |       |     7 ||     7
 Armour: Robe              |    40 |    47 |     6 ||    93
         Skin              |       |       |     5 ||     5
  Dodge: Dodged            |    96 |    64 |    18 ||   178

Table legend: (Time is in decaauts)
 A = Elapsed time spent in this place.
 B = Non-inter-level travel time spent in this place.
 C = Inter-level travel time spent in this place.
 D = Time resting spent in this place.
 E = Time spent auto-exploring this place.
 F = Levels seen in this place.
 G = Mean time per level.
                   A        B        C        D        E       F      G
               +--------+--------+--------+--------+--------+-----+--------+
         Total |   3854 |   3706 |    148 |    164 |   2801 |   6 |  642.3 |
       Dungeon |   3854 |   3706 |    148 |    164 |   2801 |   6 |  642.3 |
               +--------+--------+--------+--------+--------+-----+--------+

Top non-repeatable levels by time:
     D:3: 1738 daAuts
     D:1: 721 daAuts
     D:2: 652 daAuts
     D:6: 302 daAuts
     D:4: 241 daAuts
     D:5: 197 daAuts
